TOP OF THE 1ST |
Johnson City Soilders batting - Pitching for Bristol Bees : RHP Rich Martinez
|
Pitching: RHP Rich Martinez
|
|
Batting: RHB Rich Amaral
|
0-0: Ball 1-0: Called Strike 1-1: Ball 2-1: Foul Ball, location: 2F 2-2: Fly out, F9 (Flyball, 9S, EV 91.9 MPH)
|
Batting: RHB Alejandro Sanchez
|
0-0: Fly out, F7 (Flyball, 7LM, EV 76.3 MPH)
|
Batting: RHB Keith Mucha
|
0-0: Ball 1-0: Foul Ball, location: 2F 1-1: Swinging Strike 1-2: SINGLE (Groundball, 56D, EV 103.1 MPH)
|
Batting: SHB Jeff Trout
|
0-0: Ball 1-0: Foul Ball, location: 2F 1-1: DOUBLE (Flyball, 7LD, EV 105.6 MPH) Keith Mucha to third Runner from 3rd tries for Home, SAFE, throw by LF to home
|
Batting: RHB Willie Lopez
|
0-0: Called Strike 0-1: Swinging Strike 0-2: Ball 1-2: Ball 2-2: Ground out 4-3 (Groundball, 4S, EV 82.5 MPH)
|
Top of the 1st over - 1 run, 2 hits, 0 errors, 1 left on base; Johnson City 1 - Bristol 0 |
BOTTOM OF THE 1ST |
Bristol Bees batting - Pitching for Johnson City Soilders : RHP Bill Fulton
|
Pitching: RHP Bill Fulton
|
|
Batting: RHB Tracy Jones
|
0-0: Ball 1-0: Called Strike 1-1: Ball 2-1: SINGLE (Line Drive, 78M, EV 102.5 MPH)
|
Batting: RHB Timothy Utecht
|
0-0: Ball 1-0: SINGLE (Flyball, 8LS, EV 85.0 MPH) Tracy Jones to second
|
Batting: LHB Joe Orsulak
|
0-0: Called Strike 0-1: 3-RUN HOME RUN (Flyball, 78XD, EV 88.8 MPH), Distance : 400 ft
|
Batting: SHB Dale Sveum
|
0-0: SINGLE (Flyball, 5D, EV 95.0 MPH)
|
Batting: RHB Glenallen Hill
|
0-0: Called Strike 0-1: Fly out, F9 (Flyball, 89S, EV 95.0 MPH)
|
Batting: LHB Doug Snyder
|
0-0: Ball 1-0: Ball Dale Sveum steals 2nd, throwing error, E2 Dale Sveum to third 2-0: Ball 3-0: Base on Balls
|
Batting: SHB Juan Batista
|
0-0: Called Strike 0-1: Swinging Strike 0-2: Strikes out swinging
|
Batting: RHB Bob Hernandes
|
0-0: Fly out, F8 (Flyball, 8RD, EV 100.6 MPH)
|
Bottom of the 1st over - 3 runs, 4 hits, 1 error, 2 left on base; Johnson City 1 - Bristol 3 |
TOP OF THE 2ND |
Johnson City Soilders batting - Pitching for Bristol Bees : RHP Rich Martinez
|
Batting: RHB Juan Pacho
|
0-0: Called Strike 0-1: Ball 1-1: Called Strike 1-2: Foul Ball, location: 2F 1-2: Ground out 6-3 (Groundball, 6M, EV 85.0 MPH)
|
Batting: RHB Eugene Steinbach
|
0-0: Ball 1-0: Foul Ball, location: 2F 1-1: Ball 2-1: Swinging Strike 2-2: Strikes out looking
|
Batting: RHB Thomas Mitchell
|
0-0: Swinging Strike 0-1: Called Strike 0-2: Ball 1-2: Strikes out looking
|
Top of the 2nd over - 0 runs, 0 hits, 0 errors, 0 left on base; Johnson City 1 - Bristol 3 |
BOTTOM OF THE 2ND |
Bristol Bees batting - Pitching for Johnson City Soilders : RHP Bill Fulton
|
Batting: RHB Jose Rivera
|
0-0: Ball 1-0: Swinging Strike 1-1: Swinging Strike 1-2: Foul Ball, location: 2F 1-2: Fly out, F9 (Flyball, 9LS, EV 93.1 MPH)
|
Batting: RHB Tracy Jones
|
0-0: Fly out, F8 (Flyball, 8LM, EV 79.4 MPH)
|
Batting: RHB Timothy Utecht
|
0-0: Ball 1-0: Ball 2-0: Ground out U3 (Groundball, 3, EV 79.4 MPH)
|
Bottom of the 2nd over - 0 runs, 0 hits, 0 errors, 0 left on base; Johnson City 1 - Bristol 3 |
TOP OF THE 3RD |
Johnson City Soilders batting - Pitching for Bristol Bees : RHP Rich Martinez
|
Batting: SHB Victor Hernandez
|
0-0: Called Strike 0-1: Foul Ball, location: 2F 0-2: Strikes out looking
|
Batting: RHB Rich Amaral
|
0-0: Foul Ball, location: 2F 0-1: Ball 1-1: Ball 2-1: Foul Ball, location: 2F 2-2: Ground out 5-3 (Groundball, 5S, EV 88.1 MPH)
|
Batting: RHB Alejandro Sanchez
|
0-0: Reached on error, E6 (Groundball, 6, EV 90.0 MPH)
|
Batting: RHB Keith Mucha
|
0-0: Foul Ball, location: 2F 0-1: Ground out 5-3 (Groundball, 5S, EV 88.1 MPH)
|
Top of the 3rd over - 0 runs, 0 hits, 1 error, 1 left on base; Johnson City 1 - Bristol 3 |
BOTTOM OF THE 3RD |
Bristol Bees batting - Pitching for Johnson City Soilders : RHP Bill Fulton
|
Batting: LHB Joe Orsulak
|
0-0: Called Strike 0-1: Ball 1-1: Ground out 6-3 (Groundball, 6, EV 79.4 MPH)
|
Batting: SHB Dale Sveum
|
0-0: Ground out U3 (Groundball, 34, EV 103.1 MPH)
|
Batting: RHB Glenallen Hill
|
0-0: Called Strike 0-1: Foul Ball, location: 2F 0-2: Strikes out swinging
|
Bottom of the 3rd over - 0 runs, 0 hits, 0 errors, 0 left on base; Johnson City 1 - Bristol 3 |
TOP OF THE 4TH |
Johnson City Soilders batting - Pitching for Bristol Bees : RHP Rich Martinez
|
Batting: SHB Jeff Trout
|
0-0: Called Strike 0-1: Called Strike 0-2: Strikes out swinging
|
Batting: RHB Willie Lopez
|
0-0: Called Strike 0-1: Ball 1-1: Ball 2-1: Foul Ball, location: 2F 2-2: Ball 3-2: Foul Ball, location: 2F 3-2: Fly out, F8 (Flyball, 8LD, EV 91.9 MPH)
|
Batting: RHB Juan Pacho
|
0-0: Called Strike 0-1: Swinging Strike 0-2: Ground out 4-3 (Groundball, 4, EV 85.6 MPH)
|
Top of the 4th over - 0 runs, 0 hits, 0 errors, 0 left on base; Johnson City 1 - Bristol 3 |
BOTTOM OF THE 4TH |
Bristol Bees batting - Pitching for Johnson City Soilders : RHP Bill Fulton
|
Batting: LHB Doug Snyder
|
0-0: Swinging Strike 0-1: Ball 1-1: Ground out 5-3 (Groundball, 56, EV 85.0 MPH)
|
Batting: SHB Juan Batista
|
0-0: Ball 1-0: Ball 2-0: Fly out, F8 (Line Drive, 8LD, EV 105.0 MPH)
|
Batting: RHB Bob Hernandes
|
0-0: Called Strike 0-1: Fly out, F7 (Flyball, 7D, EV 81.9 MPH)
|
Bottom of the 4th over - 0 runs, 0 hits, 0 errors, 0 left on base; Johnson City 1 - Bristol 3 |
TOP OF THE 5TH |
Johnson City Soilders batting - Pitching for Bristol Bees : RHP Rich Martinez
|
Batting: RHB Eugene Steinbach
|
0-0: Ball 1-0: Called Strike 1-1: Ground out 5-3 (Groundball, 56, EV 85.6 MPH)
|
Batting: RHB Thomas Mitchell
|
0-0: Ball 1-0: Foul Ball, location: 2F 1-1: Foul Ball, location: 2F 1-2: Fly out, F8 (Flyball, 8LS, EV 96.3 MPH)
|
Batting: SHB Victor Hernandez
|
0-0: Called Strike 0-1: Swinging Strike 0-2: Ball 1-2: Ground out 5-3 (Groundball, 5, EV 81.3 MPH)
|
Top of the 5th over - 0 runs, 0 hits, 0 errors, 0 left on base; Johnson City 1 - Bristol 3 |
BOTTOM OF THE 5TH |
Bristol Bees batting - Pitching for Johnson City Soilders : RHP Bill Fulton
|
Batting: RHB Jose Rivera
|
0-0: Ball 1-0: Ball 2-0: Ground out 6-3 (Groundball, 6, EV 83.8 MPH)
|
Batting: RHB Tracy Jones
|
0-0: Called Strike 0-1: Foul Ball, location: 2F 0-2: Ball 1-2: Fly out, F7 (Flyball, 7LM, EV 104.4 MPH)
|
Batting: RHB Timothy Utecht
|
0-0: Fly out, F6 (Line Drive, 6, EV 71.3 MPH)
|
Bottom of the 5th over - 0 runs, 0 hits, 0 errors, 0 left on base; Johnson City 1 - Bristol 3 |
TOP OF THE 6TH |
Johnson City Soilders batting - Pitching for Bristol Bees : RHP Rich Martinez
|
Batting: RHB Rich Amaral
|
0-0: Ball 1-0: Ball 2-0: Called Strike 2-1: Ground out 4-3 (Groundball, 4, EV 87.5 MPH)
|
Batting: RHB Alejandro Sanchez
|
0-0: Ball 1-0: Ground out 6-3 (Groundball, 6, EV 79.4 MPH)
|
Batting: RHB Keith Mucha
|
0-0: Foul Ball, location: 2F 0-1: Foul Ball, location: 2F 0-2: Ball 1-2: Ball 2-2: Foul Ball, location: 2F 2-2: Ball 3-2: Ground out 6-3 (Groundball, 6, EV 106.9 MPH)
|
Top of the 6th over - 0 runs, 0 hits, 0 errors, 0 left on base; Johnson City 1 - Bristol 3 |
BOTTOM OF THE 6TH |
Bristol Bees batting - Pitching for Johnson City Soilders : RHP Bill Fulton
|
Batting: LHB Joe Orsulak
|
0-0: Called Strike 0-1: Fly out, F9 (Flyball, 89XD, EV 77.5 MPH)
|
Batting: SHB Dale Sveum
|
0-0: Called Strike 0-1: Foul Ball, location: 2F 0-2: Ball 1-2: Ball 2-2: SINGLE (Groundball, 56S, EV 73.8 MPH) (infield hit)
|
Batting: RHB Glenallen Hill
|
0-0: Ball 1-0: Ball 2-0: Foul Ball, location: 2F 2-1: Swinging Strike 2-2: Foul Ball, location: 2F 2-2: Foul Ball, location: 2F 2-2: Ball 3-2: Foul Ball, location: 2F 3-2: Strikes out looking Dale Sveum is caught stealing 2nd base 2-4 Batter strikes out.
|
Bottom of the 6th over - 0 runs, 1 hit, 0 errors, 0 left on base; Johnson City 1 - Bristol 3 |
TOP OF THE 7TH |
Johnson City Soilders batting - Pitching for Bristol Bees : RHP Rich Martinez
|
Batting: SHB Jeff Trout
|
0-0: Ball 1-0: Ball 2-0: Foul Ball, location: 2F 2-1: Ball 3-1: Foul Ball, location: 2F 3-2: Fly out, F9 (Flyball, 9LM, EV 92.5 MPH)
|
Batting: RHB Willie Lopez
|
0-0: Ball 1-0: Ball 2-0: Ball 3-0: Base on Balls
|
Batting: RHB Juan Pacho
|
0-0: Ball 1-0: Called Strike 1-1: Ball 2-1: Ball 3-1: Fielders Choice at 2nd, 3-6 (Groundball, 34, EV 83.8 MPH)
|
Batting: RHB Eugene Steinbach
|
0-0: Fielders Choice at 2nd, 6-4 (Groundball, 6, EV 102.5 MPH)
|
Top of the 7th over - 0 runs, 0 hits, 0 errors, 1 left on base; Johnson City 1 - Bristol 3 |
BOTTOM OF THE 7TH |
Bristol Bees batting - Pitching for Johnson City Soilders : RHP Bill Fulton
|
Batting: LHB Doug Snyder
|
0-0: Called Strike 0-1: Ball 1-1: Ball 2-1: Ball 3-1: Ground out 4-3 (Groundball, 34, EV 100.6 MPH)
|
Batting: SHB Juan Batista
|
0-0: Ball 1-0: DOUBLE (Line Drive, 78M, EV 88.8 MPH)
|
Batting: RHB Bob Hernandes
|
0-0: Ground out 5-3 (Groundball, 5, EV 91.3 MPH)
|
Batting: RHB Jose Rivera
|
0-0: Called Strike 0-1: Ball 1-1: Foul Ball, location: 2F 1-2: SINGLE (Groundball, 6MD, EV 108.8 MPH) Juan Batista to third Runner from 3rd tries for Home, SAFE, throw by CF to home
|
Batting: RHB Tracy Jones
|
0-0: Foul Ball, location: 2F 0-1: Called Strike 0-2: Ground out 4-3 (Groundball, 4, EV 109.4 MPH)
|
Bottom of the 7th over - 1 run, 2 hits, 0 errors, 1 left on base; Johnson City 1 - Bristol 4 |
TOP OF THE 8TH |
Johnson City Soilders batting - Pitching for Bristol Bees : RHP Rich Martinez
|
Batting: RHB Thomas Mitchell
|
0-0: SINGLE (Groundball, 6D, EV 105.0 MPH)
|
Batting: SHB Victor Hernandez
|
0-0: Swinging Strike 0-1: Ball 1-1: Called Strike 1-2: Ball 2-2: Strikes out looking
|
Batting: RHB Rich Amaral
|
0-0: Called Strike 0-1: Swinging Strike 0-2: Ball 1-2: Ball 2-2: Ball 3-2: Strikes out swinging
|
Batting: RHB Alejandro Sanchez
|
0-0: Ball 1-0: Swinging Strike 1-1: Ball 2-1: Ball 3-1: Foul Ball, location: 2F 3-2: Strikes out swinging
|
Top of the 8th over - 0 runs, 1 hit, 0 errors, 1 left on base; Johnson City 1 - Bristol 4 |
BOTTOM OF THE 8TH |
Bristol Bees batting - Pitching for Johnson City Soilders : RHP Bill Fulton
|
Batting: RHB Timothy Utecht
|
0-0: Reached on error, E6 (Groundball, 6, EV 83.8 MPH)
|
Batting: LHB Joe Orsulak
|
0-0: Intentional Walk
|
Batting: SHB Dale Sveum
|
0-0: Ball 1-0: Called Strike 1-1: Called Strike 1-2: TRIPLE (Flyball, 8RXD, EV 88.8 MPH) Timothy Utecht scores Joe Orsulak scores
|
Pitching: LHP Bob Gunnarsson
|
|
Batting: RHB Glenallen Hill
|
0-0: Ball 1-0: Ball 2-0: Called Strike 2-1: Foul Ball, location: 2F 2-2: Foul Ball, location: 2F 2-2: Ground out U3 (Groundball, 3, EV 83.8 MPH)
|
Batting: LHB Doug Snyder
|
0-0: Ball 1-0: Ball 2-0: Ball 3-0: Base on Balls
|
Batting: SHB Juan Batista
|
0-0: Ball 1-0: Ball 2-0: Ball 3-0: Base on Balls Doug Snyder to second
|
Batting: RHB Bob Hernandes
|
0-0: Grounds into double play, 6-4-3 (Groundball, 56D, EV 95.0 MPH)
|
Bottom of the 8th over - 2 runs, 1 hit, 1 error, 2 left on base; Johnson City 1 - Bristol 6 |
TOP OF THE 9TH |
Johnson City Soilders batting - Pitching for Bristol Bees : RHP Rich Martinez
|
Batting: RHB Keith Mucha
|
0-0: Ball 1-0: Foul Ball, location: 2F 1-1: Foul Ball, location: 2F 1-2: Foul Ball, location: 2F 1-2: SINGLE (Groundball, 4D, EV 106.3 MPH)
|
Batting: SHB Jeff Trout
|
0-0: Called Strike 0-1: Fly out, F9 (Line Drive, 9, EV 86.9 MPH)
|
Batting: RHB Willie Lopez
|
0-0: Fielders Choice at 2nd, 6-4 (Groundball, 6, EV 81.9 MPH)
|
Batting: RHB Juan Pacho
|
0-0: Fielders Choice at 2nd, 6-4 (Groundball, 6, EV 86.3 MPH)
|
Top of the 9th over - 0 runs, 1 hit, 0 errors, 1 left on base; Johnson City 1 - Bristol 6 |
|